 Dungeon Sprint DCSS version 0.31-a0-37-g98a128e1d9 (webtiles) character file.

Game seed: 11902312764616478243

2037 bmack86 the Cleaver (level 9, -2/86 HPs)
             Began as a Minotaur Fighter on May 15, 2023.
             Was an Elder of Okawaru.
             Slain by a manticore (7 damage)
             ... in the Dungeon (Sprint IX: "|||||||||||||||||||||||||||||").
             The game lasted 00:03:08 (332 turns).

bmack86 the Cleaver (Minotaur Fighter)               Turns: 332, Time: 00:03:09

Health: -2/86      AC: 18    Str: 24    XL:     9   Next: 4%
Magic:  9/12       EV:  9    Int:  5    God:    Okawaru [****..]
Gold:   0          SH:  7    Dex: 11    Spells: 8/8 levels left

rFire   . . .        m - +3 war axe (freeze)
rCold   . . .        c - +0 buckler
rNeg    . . .        b - +0 plate armour
rPois   .            (helmet restricted)
rElec   .            (no cloak)
rCorr   .            n - +0 pair of gloves
SInv    .            (no boots)
Will    .....        (no amulet) Stlth
                     (no ring)
HPRegen 0.34/turn    (no ring)
MPRegen 0.13/turn

%: no teleportation
@: heroic, hasted, very quick
A: horns 2, retaliatory headbutt
a: Renounce Religion, Heroism, Finesse


You were in the Dungeon.
You worshipped Okawaru.
Okawaru was greatly pleased with you.
You visited 1 branch

Inventory:

Hand Weapons
 a - a +0 war axe
 m - a +3 war axe of freezing (weapon)
Armour
 b - a +0 plate armour (worn)
 c - a +0 buckler (worn)
 n - a +0 pair of gloves (worn)
 o - a +1 chain mail
Jewellery
 p - a +3 ring of strength
 q - a +3 ring of strength
Wands
 l - a wand of acid (10)
Scrolls
 j - 2 scrolls of blinking
 k - 2 scrolls of amnesia
Potions
 e - 5 potions of curing
 f - 3 potions of heal wounds
 h - 4 potions of magic
 i - a potion of invisibility


   Skills:
 + Level 10.5(15.5) Fighting
 * Level 13.9(18.9) Axes
 + Level 10.7(15.7) Armour
 + Level 10.5(15.5) Shields
 + Level 6.2 Invocations
 + Level 5.7 Evocations


You had 8 spell levels left.
You didn't know any spells.
Your spell library was empty.

Dungeon Overview and Level Annotations

Branches:
Dungeon (1/1)

Altars:
Cheibriados
Dithmenos
Elyvilon
Fedhas
Gozag
Hepliaklqana
Kikubaaqudgha
Makhleb
Nemelex Xobeh
Okawaru
Qazlal
Ru
Sif Muna
Trog
Uskayaw
Vehumet
Wu Jian
Xom
Yredelemnul
Zin
The Shining One
Jiyva
Lugonu


Innate Abilities, Weirdness & Mutations

You have a pair of horns on your head.
You reflexively headbutt those who attack you in melee.


Message History

You block the centaur warrior's attack.
The centaur warrior kicks you but does no damage.
There is an open door here.
Items here: )) [ ††.
You hit the centaur warrior. You freeze the centaur warrior.
The centaur warrior is moderately wounded.
You slash the centaur warrior! You freeze the centaur warrior.
The centaur warrior is heavily wounded.
The centaur warrior hits you but does no damage.
The centaur warrior kicks you.
* * * LOW HITPOINT WARNING * * *
You closely miss the centaur warrior.
Your headbutt misses the centaur warrior.
The centaur warrior is heavily wounded.
The centaur warrior barely misses you. You furiously retaliate!
You headbutt the centaur warrior! The centaur warrior kicks you.
* * * LOW HITPOINT WARNING * * *
You barely miss the centaur warrior.
The centaur warrior is severely wounded.
You hit the centaur warrior. You freeze the centaur warrior.
You headbutt the centaur warrior, but do no damage.
The centaur warrior is almost dead.
You block the centaur warrior's attack. x2
You hit the centaur warrior. You freeze the centaur warrior.
You headbutt the centaur warrior.
You kill the centaur warrior!
Okawaru is honoured by your kill.
You can now speed up your combat.
Your Invocations skill increases to level 6!
You have reached level 9!
Your experience leads to an increase in your attributes!
Increase (S)trength, (I)ntelligence, or (D)exterity?
You feel stronger. x2
You hit the manticore. You freeze the manticore. You headbutt the manticore!
The manticore is moderately wounded.
You hit the manticore but do no damage.
The manticore is moderately wounded.
The manticore bites you!
* * * LOW HITPOINT WARNING * * *
The manticore claws you!
You die... ▓▓▓▓▓▓▓▓▓▓▓▓▓▓▓▓▓▓▓▓▓▓▓▓ +....HH@.....))[..[..).. ▓▓▓▓▓▓▓▓▓▓▓▓▓▓▓▓▓▓▓▓▓▓▓▓

You could see 2 manticores.

Vanquished Creatures
  A centaur warrior (D)
  A deep elf pyromancer (D)
  A komodo dragon (D)
  An efreet (D)
  A vampire mosquito (D)
  An acid dragon (D)
  A black bear (D)
  2 orc warriors (D)
  A centaur (D)
  An ogre (D)
  A howler monkey (D)
  An iguana (D)
  An orc (D)
  A giant cockroach (D)
  2 goblins (D)
  A hobgoblin (D)
  A quokka (D)
  A frilled lizard (D)
20 creatures vanquished.

Notes
Turn   | Place    | Note
-------+----------+-------------------------------------------
     0 | D        | bmack86 the Minotaur Fighter began the quest for the Orb.
     0 | D        | Reached XP level 1. HP: 19/19 MP: 0/0
     7 | D        | Reached skill level 3 in Axes
    49 | D        | Noticed an ogre
    49 | D        | Noticed an iguana
    49 | D        | Noticed a black bear
    53 | D        | Killed a black bear
    54 | D        | Reached skill level 5 in Fighting
    54 | D        | Reached skill level 7 in Axes
    54 | D        | Reached skill level 5 in Armour
    54 | D        | Reached skill level 5 in Shields
    54 | D        | Reached XP level 2. HP: 30/30 MP: 1/1
    54 | D        | Reached XP level 3. HP: 37/37 MP: 2/2
    54 | D        | Reached XP level 4. HP: 44/44 MP: 3/3
    61 | D        | Killed an ogre
    62 | D        | Reached skill level 9 in Axes
    62 | D        | Reached XP level 5. HP: 47/52 MP: 4/4
    94 | D        | Found a snail-covered altar of Cheibriados.
    94 | D        | Found a shadowy altar of Dithmenos.
    94 | D        | Found a white marble altar of Elyvilon.
    94 | D        | Found a blossoming altar of Fedhas.
    94 | D        | Found an opulent altar of Gozag.
    95 | D        | Found a hazy altar of Hepliaklqana.
    96 | D        | Found a viscous altar of Jiyva.
    97 | D        | Found an ancient bone altar of Kikubaaqudgha.
    98 | D        | Found a corrupted altar of Lugonu.
    99 | D        | Found a burning altar of Makhleb.
   100 | D        | Found a sparkling altar of Nemelex Xobeh.
   101 | D        | Found an iron altar of Okawaru.
   102 | D        | Found a stormy altar of Qazlal.
   103 | D        | Found a sacrificial altar of Ru.
   104 | D        | Found a shimmering blue altar of Sif Muna.
   105 | D        | Found a bloodstained altar of Trog.
   106 | D        | Found a hide-covered altar of Uskayaw.
   107 | D        | Found a radiant altar of Vehumet.
   108 | D        | Found an ornate altar of the Wu Jian Council.
   109 | D        | Found a shimmering altar of Xom.
   110 | D        | Found a basalt altar of Yredelemnul.
   111 | D        | Found a glowing silver altar of Zin.
   112 | D        | Found a glowing golden altar of the Shining One.
   117 | D        | Became a worshipper of Warmaster Okawaru
   167 | D        | Noticed an orc warrior
   167 | D        | Noticed an orc warrior
   167 | D        | Noticed an acid dragon
   167 | D        | Noticed a komodo dragon
   167 | D        | Noticed a centaur
   171 | D        | Killed a centaur
   172 | D        | Reached skill level 1 in Invocations
   172 | D        | Reached skill level 1 in Evocations
   172 | D        | Reached XP level 6. HP: 52/60 MP: 4/6
   173 | D        | Killed a komodo dragon
   173 | D        | Reached * piety under Okawaru
   174 | D        | Reached skill level 11 in Axes
   174 | D        | Reached XP level 7. HP: 28/69 MP: 4/8
   186 | D        | Reached skill level 12 in Axes
   311 | D        | Noticed a manticore
   311 | D        | Noticed a manticore
   311 | D        | Noticed a centaur warrior
   311 | D        | Noticed a vampire mosquito
   311 | D        | Noticed an efreet
   311 | D        | Noticed a deep elf pyromancer
   317 | D        | Killed a deep elf pyromancer
   317 | D        | Reached ** piety under Okawaru
   317 | D        | Reached *** piety under Okawaru
   318 | D        | Reached skill level 5 in Invocations
   318 | D        | Reached XP level 8. HP: 49/79 MP: 10/10
   321 | D        | Killed an efreet
   322 | D        | Reached skill level 10 in Fighting
   322 | D        | Reached skill level 13 in Axes
   322 | D        | Reached skill level 10 in Armour
   322 | D        | Reached skill level 10 in Shields
   322 | D        | Reached skill level 5 in Evocations
   330 | D        | Killed a centaur warrior
   330 | D        | Reached **** piety under Okawaru
   331 | D        | Reached XP level 9. HP: 14/86 MP: 8/12
   332 | D        | Slain by a manticore

Illustrated notes

Levels and vault maps discovered:
D:        linesprint [early_d, line_temple, items_1, d_10, items_2, lair_1,
          lair_end, items_3, orc_1, orc_end, items_4, d_15, swamp_1, shoals_1,
          snake_1, spider_1, d_20, vaults_1, items_5, swamp_end, shoals_end,
          snake_end, spider_end, vaults_end, d_27, items_6, zot_1, zot_end,
          crypt_end, forest_end, elf_end, slime_end, tomb_end, abyss_end,
          pan_hell_end]

Skill      XL: |  1  2  3  4  5  6  7  8 |
---------------+-------------------------+-----
Axes           | 7 9 11 12 13 | 13.9
Fighting       | 5 7 8 9 10 | 10.5
Armour         | 5 7 8 9 10 | 10.7
Shields        | 5 7 8 9 10 | 10.5
Invocations    | 1 3 5 6 |  6.2
Evocations     | 1 3 4 5 |  5.7

Action                     |  1- 3 |  4- 6 |  7- 9 || total
---------------------------+-------+-------+-------++-------
  Melee: War axe           |    14 |    13 |    29 ||    56
         Headbutt          |     4 |     2 |     8 ||    14
 Invoke: Heroism           |       |       |     1 ||     1
    Use: Potion            |     1 |     1 |     1 ||     3
 Armour: Scale mail        |     6 |       |       ||     6
         Chain mail        |       |     1 |     7 ||     8
         Plate armour      |       |       |     4 ||     4
  Dodge: Dodged            |     1 |     5 |     3 ||     9
  Block: Buckler           |     2 |     2 |     5 ||     9

Table legend: (Time is in decaauts)
 A = Elapsed time spent in this place.
 B = Non-inter-level travel time spent in this place.
 C = Inter-level travel time spent in this place.
 D = Time resting spent in this place.
 E = Time spent auto-exploring this place.
 F = Levels seen in this place.
 G = Mean time per level.
                   A        B        C        D        E       F      G
               +--------+--------+--------+--------+--------+-----+--------+
         Total |    331 |    331 |      0 |    170 |      0 |   1 |  331.0 |
       Dungeon |    331 |    331 |      0 |    170 |      0 |   1 |  331.0 |
               +--------+--------+--------+--------+--------+-----+--------+

Top non-repeatable levels by time:
       D: 331 daAuts
